 Seeded DCSS version 0.30.0-29-ga12c61a403 (webtiles) character file.

Game seed: 11675102324532518072 (custom seed)

53 valliere the Gusty (level 3, -3/27 HPs)
             Began as a Demigod Air Elementalist on June 24, 2023.
             Slain by Grinder (6 damage)
             ... on level 3 of the Dungeon.
             The game lasted 00:03:38 (1946 turns).

valliere the Gusty (Demigod Air Elementalist)       Turns: 1946, Time: 00:03:38

Health: -3/27      AC:  2    Str:  9    XL:     3   Next: 41%
Magic:  3/8        EV: 12    Int: 21    God:
Gold:   108        SH:  0    Dex: 14    Spells: 5/6 levels left

rFire   . . .        f - +0 dagger
rCold   . . .        (no shield)
rNeg    . . .        a - +0 robe
rPois   .            (no helmet)
rElec   .            (no cloak)
rCorr   .            (no gloves)
SInv    .            (no boots)
Will    .....        (no amulet)
Stlth   ++           (no ring)
HPRegen 0.24/turn    (no ring)
MPRegen 0.11/turn

%: no passive effects
@: no status effects
A: high MP 1, forlorn, divine attributes
a: no special abilities


You were on level 3 of the Dungeon.
You visited 1 branch of the dungeon, and saw 3 of its levels.

You collected 108 gold pieces.

Inventory:

Hand Weapons
 f - a +0 dagger (weapon)
Armour
 a - a +0 robe (worn)
Jewellery
 k - a ring of positive energy
Wands
 r - a wand of flame (25)
Scrolls
 c - 3 scrolls of blinking
 d - a scroll of enchant armour {unknown}
 h - 3 scrolls of magic mapping
 i - a scroll of brand weapon
 j - a scroll of fog
 n - a scroll of fear {unknown}
 q - a scroll of vulnerability {unknown}
Potions
 b - a potion of magic
 e - 4 potions of curing {unknown}
 g - a potion of attraction {unknown}
 l - a potion of heal wounds {unknown}
 m - 2 potions of lignification {unknown}
 o - a potion of ambrosia {unknown}
 p - a potion of brilliance {unknown}


   Skills:
 + Level 0.8 Fighting
 + Level 2.0 Dodging
 + Level 2.2 Stealth
 + Level 2.0 Spellcasting
 * Level 2.0 Conjurations
 + Level 2.9 Air Magic


You had 5 spell levels left.
You knew the following spells:

 Your Spells              Type           Power      Damage    Failure   Level
a - Shock                 Conj/Air       48%        1d6       5%          1

Your spell library contained the following spells:

 Spells                   Type           Power      Damage    Failure   Level
 Static Discharge         Conj/Air       24%        2-3/arc   8%          2
 Swiftness                Air            14%        N/A       13%         3
 Cigotuvi's Dreadful Rot  Necr/Pois/Air  12%        N/A       16%         2
 Call Canine Familiar     Summ           2%         N/A       41%         3
 Ignite Poison            Fire/Tmut/Pois 2%         N/A       41%         3
 Portal Projectile        Hex/Tloc       4%         N/A       41%         3
 Airstrike                Air            7%         2d(1-17)  41%         4
 Leda's Liquefaction      Hex/Erth       1%         N/A       82%         4
 Freezing Cloud           Conj/Ice/Air   4%         6-21      90%         5


Dungeon Overview and Level Annotations

Branches:
Dungeon (3/15)

Shops:
D:2 [   D:3 (

Annotations:
D:3 Grinder


Innate Abilities, Weirdness & Mutations

You have an increased reservoir of magic. (+10% MP)
You shall have no god before yourself.
Your divine heritage dramatically boosts your attributes as you level up.


Message History

There is an open translucent door here.
There is an entrance to Niqaelit's Antique Weapon Shoppe here.
You can access your shopping list by pressing '$'.
There is an open translucent door here.
A hobgoblin comes into view.
A hobgoblin is nearby!
The zap hits the hobgoblin.
The hobgoblin is severely wounded.
The zap hits the hobgoblin.
You kill the hobgoblin!
You can't see any susceptible monsters within range! (Use Z to cast anyway.) Magic restored.
You see here 2 poisoned darts.
You open the door.
There is an open door here.
Grinder comes into view.
Grinder is nearby!
The helpless Grinder fails to defend herself.
You hit Grinder.
Grinder is lightly wounded.
Grinder misses you.
The zap hits Grinder.
Grinder is moderately wounded.
Grinder hits you but does no damage.
The zap hits Grinder.
Grinder is moderately wounded.
Grinder barely misses you.
The zap hits Grinder.
Grinder is moderately wounded.
Grinder barely misses you.
The zap hits Grinder.
Grinder is heavily wounded.
Grinder hits you!
The zap misses Grinder.
Grinder hits you.
You are too injured to fight recklessly!
You are too injured to fight recklessly!
Grinder attacks as you move away! Grinder hits you!
* * * LOW HITPOINT WARNING * * *
Grinder attacks as you move away! Grinder hits you.
You die...

### ###
#######.#####.#
..............#
#######.#####.#
..#######.#####.#
.......5@.......#
#.#######.#####.#
###### #.# #.#
#....#
#.#####.###....#
#.........'....+
#.#.#######....#
#.# #....# .#
#....#
######.(..##


You could see Grinder.

Vanquished Creatures
  An adder (D:2)
  4 ball pythons
  A bat (D:2)
  5 endoplasms
  3 giant cockroaches
  2 goblins
  6 hobgoblins
  2 quokkas
  4 frilled lizards
  5 kobolds
  4 rats
37 creatures vanquished.

Notes
Turn   | Place    | Note
-------+----------+-------------------------------------------
     0 | D:1      | valliere the Demigod Air Elementalist began the quest for
                  | the Orb.
     0 | D:1      | Reached XP level 1. HP: 14/14 MP: 5/5
    35 | D:1      | Reached skill level 1 in Conjurations
   377 | D:1      | Reached XP level 2. HP: 22/22 MP: 5/7
   874 | D:2      | Found Yguiled's Antique Armour Shoppe.
  1313 | D:2      | Reached XP level 3. HP: 27/27 MP: 4/8
  1607 | D:2      | Identified the +0 leather armour "Daly" {rPois rCorr}
  1880 | D:3      | Found Niqaelit's Antique Weapon Shoppe.
  1936 | D:3      | Noticed Grinder
  1946 | D:3      | Slain by Grinder

Illustrated notes

Levels and vault maps discovered:
D:1:      elethiomel_arrival_quiet, layout_loops_ring
D:2:      layout_loops_ring, serial_shops, nicolae_shop_advertising_works
          [nicolae_subvault_shop_adworks], basic_altar, st_stairs_2,
          glass_columns_b
D:3:      layout_basic, serial_shops, nicolae_shop_tiny_glass,
          minmay_pentomino_pile, uniq_grinder

Skill      XL: |  1  2  3 |
---------------+----------+-----
Conjurations   | 1 2 |  2.0
Stealth        | 2 |  2.2
Dodging        | 2 |  2.0
Spellcasting   | 2 |  2.0
Fighting       | |  0.8
Air Magic      | |  2.9

Action                     || total
---------------------------++-------
  Melee: Dagger            ||     6
   Cast: Shock             ||    72
    Use: Scroll            ||     5
   Stab: Sleeping          ||     1
 Armour: Robe              ||     2
  Dodge: Dodged            ||     7
